 Dungeon Crawl Stone Soup version 0.22-a0-443-g17c3723 (webtiles) character file.

14043 robertstho the Protected (level 11, -3/106 HPs)
             Began as a Deep Dwarf Fighter on May 31, 2018.
             Was a High Priest of Makhleb.
             Slain by an ice dragon (8 damage)
             ... on level 11 of the Dungeon.
             The game lasted 00:35:08 (9954 turns).

robertstho the Protected (Deep Dwarf Fighter)       Turns: 9954, Time: 00:35:08

Health: -3/106     AC: 20    Str: 19    XL:     11   Next: 83%
Magic:  8/8        EV: 11    Int: 10    God:    Makhleb [*****.]
Gold:   1508       SH:  0    Dex: 15    Spells: 10/10 levels left

rFire    . . .     SeeInvis +   G - +3 halberd (venom)
rCold    . . .     Gourm    .   (shield currently unavailable)
rNeg     . . .     Faith    .   v - +0 plate armour
rPois    .         Spirit   .   h - +0 helmet
rElec    .         Reflect  .   P - +2 cloak {+Inv}
rCorr    .         Harm     .   (no gloves)
MR       +....                  (no boots)
Stlth    ..........             (no amulet)
HPRegen  0.00/turn              L - +2 ring of evasion
MPRegen  0.11/turn              M - ring of see invisible

@: non-regenerating
A: damage resistance, heal wounds, sense surroundings 2, no regeneration
a: Heal Wounds, Minor Destruction, Lesser Servant of Makhleb, Major Destruction,
Greater Servant of Makhleb, Renounce Religion, Evoke Invisibility


You were on level 11 of the Dungeon.
You worshipped Makhleb.
Makhleb was extremely pleased with you.
You were not hungry.

You visited 1 branch of the dungeon, and saw 11 of its levels.
You also visited: Bailey.

You collected 1508 gold pieces.

Inventory:

Hand Weapons
 a - a +0 war axe
 b - a +2 vampiric short sword
 i - a +1 battleaxe of freezing
 j - a +3 hand axe
 q - a +0 whip
 u - a +0 hunting sling
 y - a +0 dire flail
 G - a +3 halberd of venom (weapon)
 J - a +1 flail of protection
 N - a +0 morningstar of crushing
 O - the +4 dagger of Fate {vamp, +Rage rF+}
   (You found it on level 7 of the Dungeon)

   It inflicts no extra harm, but heals its wielder when it wounds a living foe.
   It protects you from fire.
   It lets you go berserk.
 R - a +5 falchion of electrocution
Missiles
 e - 388 stones
 p - 47 tomahawks of returning (quivered)
 t - 59 sling bullets
 z - 93 bolts
 B - 2 exploding tomahawks
Armour
 h - a +0 helmet (worn)
 v - a +0 plate armour (worn)
 A - a +0 large shield
 P - a +2 cloak of invisibility (worn)
Jewellery
 C - the ring of the Elephant {+Fly rN+ Str-3 Dex+2}
   (You acquired it on level 10 of the Dungeon)

   [ring of flight]

   It affects your strength (-3).
   It affects your dexterity (+2).
   It protects you from negative energy.
   It lets you fly.
 L - a +2 ring of evasion (left hand)
 M - a ring of see invisible (right hand)
Wands
 s - a wand of acid (5)
 w - a wand of disintegration (5)
 I - a wand of digging (14)
 K - a wand of polymorph (5)
 Q - a wand of iceblast (9)
Scrolls
 c - 2 scrolls of immolation {unknown}
 d - a scroll of noise {unknown}
 k - a scroll of silence {unknown}
 l - 2 scrolls of amnesia {unknown}
 m - 5 scrolls of remove curse
 o - 6 scrolls of enchant weapon {unknown}
 r - 5 scrolls of magic mapping {unknown}
 x - a scroll of fog {unknown}
 F - 5 scrolls of teleportation {unknown}
 H - a scroll of blinking {unknown}
Potions
 g - a potion of flight
 n - 2 potions of brilliance
 D - 3 potions of lignification
 S - 3 potions of curing
Comestibles
 f - 14 rations
 E - a chunk of flesh


   Skills:
 * Level 9.0 Fighting
 + Level 3.3 Short Blades
 + Level 8.3(9.7) Axes
 + Level 3.8(6.2) Maces & Flails
 + Level 5.3(6.9) Polearms
 + Level 4.3 Slings
 * Level 11.5 Armour
 + Level 4.7 Dodging
 + Level 0.1 Stealth
 + Level 9.0 Shields
 + Level 0.2 Invocations


You had 10 spell levels left.
You didn't know any spells.
Your spell library contained the following spells:

 Spells                   Type           Power        Failure   Level  Hunger
 Bolt of Magma            Conj/Fire/Erth #.........   100%        5    ######.
 Ring of Flames           Chrm/Fire      #.........   100%        7    #######
 Summon Small Mammal      Summ           #...         100%        1    ##.....
 Animate Dead             Necr           N/A          100%        4    #####..
 Pain                     Necr           #...         100%        1    ##.....
 Animate Skeleton         Necr           N/A          100%        1    ##.....
 Summon Ice Beast         Ice/Summ       #.......     100%        4    #####..
 Call Imp                 Summ           #.......     100%        2    ###....
 Sublimation of Blood     Necr           #.........   100%        2    ###....
 Call Canine Familiar     Summ           #.......     100%        3    ####...
 Summon Lightning Spire   Summ/Air       #.......     100%        4    #####..
 Summon Guardian Golem    Hex/Summ       #.......     100%        3    ####...


Dungeon Overview and Level Annotations

Branches:
Dungeon (11/15)            Temple (0/1) D:6            Lair (0/6) D:10
    Orc (0/2) D:9

Altars:
Fedhas
Kikubaaqudgha
Makhleb
Sif Muna
Wu Jian
Beogh


Innate Abilities, Weirdness & Mutations

You are resistant to damage.
You can heal yourself by infusing magical energy.
You passively map the area around you.
You do not regenerate.


Message History

The bolt of lightning misses you.
You hear a deafening roar!
You slice the tengu conjurer!!
You kill the tengu conjurer!
Makhleb accepts your kill.
Your Fighting skill increases to level 9!
You hear a shout!
The battlesphere dissipates.
The ice dragon breathes frost at you. The blast of cold hits you!
* * * LOW HITPOINT WARNING * * *
Things that are here:
a buckler; a scroll of remove curse The ice dragon bites you but does no damage.
The ice dragon claws you but does no damage.
The ice dragon tramples you but does no damage.
The ice dragon misses you.
The ice dragon claws you but does no damage.
The ice dragon tramples you!
You die...

##################
............††[.@#
################D#
#.# #.# #.# #.#
#.# #.# ########
#.# #####


You could see an ice dragon.

Vanquished Creatures
  The ghost of Globixcon the Basher, a journeyman GnCK of Xom (D:11)
  3 two-headed ogres
  Nergalle (D:11)
  The ghost of holliwood the Gusty, a novice GnAE (D:7)
  2 unseen horrors
  An ugly thing (D:11)
  A manticore (D:11)
  Maurice (D:8)
  A tengu conjurer (D:11)
  A merfolk (D:9)
  4 trolls
  Prince Ribbit (D:6)
  A hippogriff (D:7)
  Sigmund (D:2)
  A wyvern (D:10)
  Edmund (D:6)
  6 orc warriors
  2 sky beasts
  An eye of draining (D:9)
  An ice beast (D:10)
  3 phantoms
  2 black bears
  6 ogres
  3 centaurs
  A crocodile (D:10)
  A big kobold (D:7)
  5 bullfrogs
  The ghost of ICEMaiden the Sneak, an amateur SpEn of Kikubaaqudgha (D:3)
  A water moccasin skeleton (D:8)
  5 scorpions
  8 killer bees
  6 crimson imps
  2 centaur zombies
  A bullfrog skeleton (D:10)
  5 hounds
  5 orc priests
  A centaur skeleton (D:7)
  2 jellies
  5 orc wizards
  Ijyb (D:3)
  Natasha (twice) (D:2)
  3 iguanas
  6 worker ants
  A hound skeleton (D:10)
  A worker ant zombie (D:11)
  Robin (D:3)
  23 gnolls
  8 adders
  2 shadow imps
  2 oozes
  An adder zombie (D:6)
  3 worms
  2 dart slugs (D:1)
  5 leopard geckos
  38 orcs
  A ball python (D:2)
  19 bats
  7 giant cockroaches
  13 goblins
  10 hobgoblins
  10 jackals
  26 kobolds
  A quokka (D:4)
  4 frilled lizards
  A leopard gecko skeleton (D:5)
  A leopard gecko zombie (D:5)
  A quokka zombie (D:9)
  8 rats
296 creatures vanquished.

Vanquished Creatures (collateral kills)
  An elephant (D:10)
  A basilisk (D:10)
  A yak (D:10)
  A sky beast (D:10)
  An orc warrior (D:10)
  A centaur (D:10)
  A crocodile (D:10)
  An orc priest (D:10)
  An iguana (D:10)
  3 orcs (D:10)
12 creatures vanquished.

Grand Total: 308 creatures vanquished

Notes
Turn   | Place    | Note
-------+----------+-------------------------------------------
     0 | D:1      | robertstho the Deep Dwarf Fighter began the quest for the Orb.
     0 | D:1      | Reached XP level 1. HP: 20/20 MP: 1/1
   108 | D:1      | Reached XP level 2. HP: 25/27 MP: 2/2
   628 | D:2      | Reached XP level 3. HP: 31/34 MP: 3/3
   645 | D:2      | Reached skill level 4 in Armour
   729 | D:2      | Noticed Sigmund
   768 | D:2      | Reached XP level 4. HP: 34/42 MP: 4/4
   818 | D:2      | Found a deep blue altar of Sif Muna.
  1151 | D:2      | Noticed Natasha
  1157 | D:2      | Killed Natasha
  1317 | D:2      | Noticed Natasha
  1322 | D:2      | Killed Natasha
  1322 | D:2      | Reached XP level 5. HP: 37/50 MP: 5/5
  1326 | D:2      | Killed Sigmund
  1326 | D:2      | Reached skill level 5 in Armour
  1326 | D:2      | Reached skill level 1 in Dodging
  1326 | D:2      | Reached XP level 6. HP: 25/57 MP: 6/6
  1643 | D:3      | Reached skill level 8 in Armour
  1643 | D:3      | Reached XP level 7. HP: 70/70 MP: 7/7
  1644 | D:3      | Noticed Robin
  1659 | D:3      | Killed Robin
  1818 | D:3      | Noticed ICEMaiden's ghost (amateur SpEn)
  1833 | D:3      | Noticed Ijyb
  1851 | D:3      | Killed ICEMaiden's ghost
  1868 | D:3      | Killed Ijyb
  2649 | D:4      | Reached XP level 8. HP: 72/78 MP: 8/8
  3078 | D:5      | Entered Level 5 of the Dungeon
  3233 | D:5      | Found a burning altar of Makhleb.
  3240 | D:5      | Became a worshipper of Makhleb the Destroyer
  3441 | D:5      | Reached skill level 1 in Short Blades
  3976 | D:6      | Noticed Edmund
  4044 | D:6      | Killed Edmund
  4044 | D:6      | Reached skill level 5 in Shields
  4270 | D:6      | Noticed Prince Ribbit
  4296 | D:6      | Killed Prince Ribbit
  4296 | D:6      | Reached skill level 9 in Armour
  4296 | D:6      | Gained mutation: You passively map the area around you. [Deep Dwarf growth]
  4296 | D:6      | Reached XP level 9. HP: 33/86 MP: 9/9
  4304 | D:6      | Reached * piety under Makhleb
  4524 | D:6      | Found an ancient bone altar of Kikubaaqudgha.
  4703 | D:6      | Found a staircase to the Ecumenical Temple.
  4916 | D:7      | Noticed holliwood's ghost (novice GnAE)
  4958 | D:7      | Killed holliwood's ghost
  5057 | D:7      | Reached ** piety under Makhleb
  5399 | D:7      | Got a shimmering dagger
  5873 | D:8      | Got a pair of warped gloves
  5885 | D:8      | Identified the cursed -1 pair of gloves of the Moneychanger {Int+4} (You found it on level 8 of the Dungeon)
  5976 | D:8      | Noticed a two-headed ogre
  6004 | D:8      | Killed a two-headed ogre
  6004 | D:8      | Reached XP level 10. HP: 79/94 MP: 9/9
  6224 | D:8      | Identified the Grimoire of Fiery Unholy Arts
  6296 | D:8      | Noticed a two-headed ogre
  6314 | D:8      | Killed a two-headed ogre
  6778 | D:8      | Noticed Maurice
  6814 | D:8      | Killed Maurice
  6814 | D:8      | Reached skill level 10 in Armour
  7036 | D:9      | Found an ornate altar of the Wu Jian Council.
  7158 | D:9      | Found a blossoming altar of Fedhas.
  7558 | D:9      | Found a staircase to the Orcish Mines.
  7590 | D:9      | Identified the +4 dagger of Fate {vamp, +Rage rF+} (You found it on level 7 of the Dungeon)
  7594 | D:9      | Found a roughly hewn altar of Beogh.
  7615 | D:9      | Reached *** piety under Makhleb
  7782 | D:10     | Entered Level 10 of the Dungeon
  7851 | D:10     | Found a staircase to the Lair.
  7851 | D:10     | Noticed an elephant
  7867 | D:10     | Killed an elephant
  7951 | D:10     | Identified a scroll of acquirement
  7955 | D:10     | Got a vibrating marble ring
  7957 | D:10     | Identified the ring of the Elephant {+Fly rN+ Str-3 Dex+2} (You acquired it on level 10 of the Dungeon)
  8078 | D:10     | Reached XP level 11. HP: 46/103 MP: 10/10
  8359 | D:10     | Noticed a two-headed ogre
  8393 | D:10     | Killed a two-headed ogre
  8649 | D:10     | Noticed an unseen horror
  8754 | D:10     | Killed an unseen horror
  8976 | D:11     | Found a flagged portal.
  8996 | Bailey   | Entered a bailey
  9047 | Bailey   | Reached **** piety under Makhleb
  9517 | D:11     | Noticed a brown ugly thing
  9538 | D:11     | Killed a brown ugly thing
  9573 | D:11     | Noticed Globixcon's ghost (journeyman GnCK)
  9595 | D:11     | Noticed an unseen horror
  9638 | D:11     | Killed Globixcon's ghost
  9638 | D:11     | Reached skill level 11 in Armour
  9645 | D:11     | Found a large runed door.
  9645 | D:11     | Found a large runed door.
  9663 | D:11     | Killed an unseen horror
  9663 | D:11     | Reached skill level 5 in Polearms
  9679 | D:11     | Noticed a deep troll
  9683 | D:11     | Noticed an ice dragon
  9715 | D:11     | HP: 3/104 [ice dragon (8)]
  9730 | D:11     | Noticed Nergalle
  9748 | D:11     | Killed Nergalle
  9927 | D:11     | Reached ***** piety under Makhleb
  9952 | D:11     | HP: 5/106 [ice dragon/blast of cold (41)]
  9954 | D:11     | Slain by an ice dragon

Vault maps used:
D:1:      lightli_iron_boxes, minmay_misc_feat_chi, minivault_14,
          minmay_stone_trees_small
D:2:      lemuel_crystal_altar, first_ration, minmay_misc_feat_cross,
          uniq_natasha, uniq_sigmund
D:3:      fountainhead, minmay_misc_feat_roman, uniq_robin, uniq_ijyb
D:5:      lightli_temple_of_fire
D:6:      lemuel_doored_altar, minmay_temple_entry_butterflies, uniq_edmund,
          uniq_prince_ribbit1
D:8:      uniq_maurice
D:9:      kennysheep_mini_moat, minmay_orc_entry_temple_small, basic_altar,
          kennysheep_pointless_box, hangedman_fish_farm, minmay_variable_closet
D:10:     david_lair_generic, serial_glass, glass_columns_a, glass_columns_a,
          glass_columns_a, glass_columns_c
D:11:     enter_bailey_2, roderic_batcave, jmf_multi_god_temple2, uniq_nergalle
Bailey:   bailey_axe_1, bailey

Skill      XL: |  1  2  3  4  5  6  7  8  9 10 11 |
---------------+----------------------------------+-----
Fighting       | 3 4 6 7 8 9 |  9.0
Armour         | 4 5 8 9 10 11 | 11.5
Axes           | 3 4 6 7 8 |  8.3
Dodging        | 1 4 |  4.7
Shields        | 4 5 6 8 9 |  9.0
Maces & Flails | 3 |  3.8
Polearms       | 3 5 |  5.3
Slings         | 4 |  4.3
Short Blades   | 2 3 |  3.3
Stealth        | |  0.1
Invocations    | |  0.2

Action                   |  1- 3 |  4- 6 |  7- 9 | 10-12 || total
-------------------------+-------+-------+-------+-------++-------
Melee: War axe           |    81 |    72 |   341 |   165 ||   659
       Short sword       |       |       |   498 |       ||   498
       Dagger            |       |       |       |   592 ||   592
       Halberd           |       |       |       |   274 ||   274
Throw: Tomahawk          |       |       |       |    19 ||    19
Invok: Lesser Servant of |       |       |       |     2 ||     2
 Abil: Heal Wounds       |     1 |     2 |     8 |    17 ||    28
  Use: Potion            |     3 |     1 |     3 |     2 ||     9
       Scroll            |       |     2 |     6 |     9 ||    17
  Eat: Chunk             |       |     2 |    14 |    10 ||    26
       Ration            |       |       |     2 |     3 ||     5
Armor: Scale mail        |    37 |    30 |       |       ||    67
       Chain mail        |       |     8 |    54 |       ||    62
       Plate armour      |       |       |   349 |   594 ||   943
Dodge: Dodged            |    22 |    24 |   115 |   384 ||   545
Block: Shield            |    34 |    37 |    29 |       ||   100
       Large shield      |       |       |   573 |   782 ||  1355

Table legend:
 A = Spawn XP
 B = Non-spawn XP
 C = Spawn XP percentage of total XP
 D = Spawn monster count
 E = Non-spawn monster count
 F = Spawn count percentage of total count
 G = Total turns spent on level
                    A         B        C        D         E        F      G
               +---------+---------+-------+---------+---------+-------+---------
         Total |       0 |   19634 |   0.0 |       0 |     308 |   0.0 |  9954
               +---------+---------+-------+---------+---------+-------+---------
           D:1 |       0 |      33 |   0.0 |       0 |      16 |   0.0 |   587
           D:2 |       0 |     422 |   0.0 |       0 |      33 |   0.0 |  1099
           D:3 |       0 |     260 |   0.0 |       0 |      29 |   0.0 |   765
           D:4 |       0 |     658 |   0.0 |       0 |      18 |   0.0 |   627
           D:5 |       0 |     538 |   0.0 |       0 |      21 |   0.0 |   847
           D:6 |       0 |     973 |   0.0 |       0 |      16 |   0.0 |   948
           D:7 |       0 |    1731 |   0.0 |       0 |      36 |   0.0 |   890
           D:8 |       0 |    3293 |   0.0 |       0 |      20 |   0.0 |  1137
           D:9 |       0 |     755 |   0.0 |       0 |      15 |   0.0 |   882
          D:10 |       0 |    4773 |   0.0 |       0 |      43 |   0.0 |  1156
          D:11 |       0 |    5542 |   0.0 |       0 |      29 |   0.0 |   626
        Bailey |       0 |     656 |   0.0 |       0 |      32 |   0.0 |   390
               +---------+---------+-------+---------+---------+-------+---------
